 Dungeon Crawl Stone Soup version 0.21-a0-84-g85d6d27 (webtiles) character file.

73 zipzorp the Skirmisher (level 4, -1/40 HPs)
             Began as a Draconian Berserker on July 7, 2017.
             Was a Believer of Trog.
             Slain by Potronius's ghost (7 damage)
             ... on level 3 of the Dungeon.
             The game lasted 00:04:46 (1087 turns).

zipzorp the Skirmisher (Draconian Berserker)        Turns: 1087, Time: 00:04:47

Health: -1/40      AC:  5    Str: 21    XL:     4   Next: 8%
Magic:  4/4        EV: 13    Int:  7    God:    Trog [**....]
Gold:   59         SH:  0    Dex: 10    Spells: 3/3 levels left

rFire    . . .     SeeInvis .   a - +0 mace
rCold    . . .     Gourm    .   (no shield)
rNeg     . . .     Faith    .   (armour unavailable)
rPois    .         Spirit   .   (helmet restricted)
rElec    .         Reflect  .   (no cloak)
rCorr    .         Harm     .   (no gloves)
MR       .....                  (no boots)
Stlth    +.........             i - amulet of inaccuracy (curse) {e}
HPRegen  0.13/turn              (no ring)
MPRegen  0.09/turn              (no ring)

@: no status effects
A: unfitting armour, cold-blooded, AC +5
a: Berserk, Trog's Hand, Burn Spellbooks, Renounce Religion


You were on level 3 of the Dungeon.
You worshipped Trog.
Trog was pleased with you.
You were not hungry.

You visited 1 branch of the dungeon, and saw 3 of its levels.

You collected 59 gold pieces.

Inventory:

Hand Weapons
 a - a +0 mace (weapon)
Armour
 c - a +0 leather armour
 h - a cursed +0 robe
Jewellery
 i - a cursed amulet of inaccuracy (around neck) {e}
Potions
 d - a potion of heal wounds {unknown}
 e - a potion of lignification {unknown}
Comestibles
 b - a bread ration


   Skills:
 + Level 4.1 Fighting
 + Level 3.7 Maces & Flails
 + Level 3.3 Dodging


You had 3 spell levels left.
You didn't know any spells.

Dungeon Overview and Level Annotations

Branches:
Dungeon (3/15)

Altars:
Makhleb

Annotations:
D:3 Potronius's ghost, amateur DrCj


Innate Abilities, Weirdness & Mutations

Your plain brown scales are hard. (AC +5)
You cannot fit into any form of body armour.
You are cold-blooded and may be slowed by cold attacks.


Message History

The magic dart hits you!
You barely miss Potronius's ghost. Potronius's ghost hits you.
You hit Potronius's ghost but do no damage.
Potronius's ghost barely misses you. Potronius's ghost casts a spell at you.
The magic dart hits you!
* * * LOW HITPOINT WARNING * * *
You miss Potronius's ghost. Potronius's ghost hits you.
* * * LOW HITPOINT WARNING * * *
You completely miss Potronius's ghost. Potronius's ghost barely misses you.
You hit Potronius's ghost but do no damage.
Potronius's ghost closely misses you.
You miss Potronius's ghost.
Your tail-slap misses Potronius's ghost.
Potronius's ghost closely misses you.
Potronius's ghost hits you but does no damage.
You sock Potronius's ghost!
Potronius's ghost is moderately damaged.
Potronius's ghost hits you!
You die...

......#####.###...#
......# #...### .
.....<# ###...#
####### ###.# # #.#
.# .## #.# #.#.$..
).$####.##.^!.##
...............#
..#####.@##.%..#
##W......#
........#
##..#......
#..#....## ..##
.... ..# ... $.#
...


You could see Potronius's ghost.

Vanquished Creatures
  A hound (D:2)
  An adder (D:2)
  A dart slug (D:1)
  3 giant cockroaches
  6 goblins
  3 hobgoblins
  6 kobolds
  5 bats
  2 frilled lizards (D:1)
  A giant cockroach zombie (D:3)
  2 rats (D:1)
31 creatures vanquished.

Notes
Turn   | Place    | Note
-------+----------+-------------------------------------------
     0 | D:1      | zipzorp the Draconian Berserker began the quest for the Orb.
     0 | D:1      | Reached XP level 1. HP: 19/19 MP: 1/1
   154 | D:1      | Reached XP level 2. HP: 15/26 MP: 2/2
   765 | D:2      | Reached XP level 3. HP: 32/33 MP: 3/3
   807 | D:2      | Reached ** piety under Trog
   827 | D:2      | Reached skill level 4 in Fighting
   827 | D:2      | Reached XP level 4. HP: 24/40 MP: 4/4
   867 | D:2      | Found a burning altar of Makhleb.
  1071 | D:3      | Noticed Potronius's ghost (amateur DrCj)
  1087 | D:3      | Slain by Potronius's ghost

Vault maps used:
D:1:      lemuel_arrival_lava_pool, minmay_split_cup_small
D:2:      makhleb_heckhound_becter, first_bread
D:3:      grunt_gozag_statues

Skill      XL: |  1  2  3 |
---------------+----------+-----
Dodging        | 3 |  3.3
Fighting       | 4 |  4.1
Maces & Flails | |  3.7

Action                   |  1- 3 |  4- 6 || total
-------------------------+-------+-------++-------
Melee: Mace              |    82 |    19 ||   101
       Tailslap          |     7 |     1 ||     8
  Use: Scroll            |       |     2 ||     2
  Eat: Royal jelly       |       |     1 ||     1
Armor: Skin              |    33 |     6 ||    39
Dodge: Dodged            |    71 |    11 ||    82
